 Dungeon Crawl Stone Soup version 0.26-a0-652-gafc20e3620 (webtiles) character file.

Game seed: 13781678708775757122

190 Flugkiller the Ruffian (level 5, 0/53 HPs)
             Began as an Ogre Transmuter on Oct 2, 2020.
             Slain by a sky beast (6 damage)
             ... on level 6 of the Dungeon.
             The game lasted 00:06:25 (1216 turns).

Flugkiller the Ruffian (Ogre Transmuter)            Turns: 1216, Time: 00:06:25

Health: 0/53       AC:  3    Str: 14    XL:     5   Next: 69%
Magic:  5/8        EV: 10    Int: 15    God:
Gold:   116        SH:  0    Dex:  9    Spells: 4/8 levels left

rFire    . . .     SeeInvis .     - Unarmed
rCold    . . .     Faith    .   (no shield)
rNeg     . . .     Spirit   .   a - +0 robe
rPois    .         Reflect  .   (helmet restricted)
rElec    .         Harm     .   (no cloak)
rCorr    .         Rampage  .   (gloves unavailable)
MR       .....                  (boots unavailable)
Stlth    +.........             (no amulet)
HPRegen  0.17/turn              (no ring)
MPRegen  0.11/turn              (no ring)

@: very slightly contaminated
A: large, unfitting armour, tough skin 1
a: no special abilities


You were on level 6 of the Dungeon.
You visited 1 branch of the dungeon, and saw 6 of its levels.

You collected 116 gold pieces.

Inventory:

Hand Weapons
 b - a +0 giant club
   (You took it off an ogre on level 4 of the Dungeon)
Missiles
 c - 6 poisoned darts (quivered)
Armour
 a - a +0 robe (worn)
Wands
 i - a wand of random effects (10)
   (You found it on level 2 of the Dungeon)
Scrolls
 e - 2 scrolls of noise
 h - a scroll of fear
 j - a scroll of magic mapping
 k - a scroll of teleportation {unknown}
Potions
 d - 2 potions of heal wounds
 g - a potion of invisibility


   Skills:
 + Level 3.3 Fighting
 + Level 2.1 Dodging
 * Level 4.1 Unarmed Combat
 - Level 2.4 Spellcasting
 - Level 3.0 Transmutations
 - Level 1.0 Poison Magic


You had 4 spell levels left.
You knew the following spells:

 Your Spells              Type           Power        Failure   Level
a - Beastly Appendage     Tmut           ##....       6%          1
c - Spider Form           Tmut/Pois      #.........   28%         3

Your spell library contained the following spells:

 Spells                   Type           Power        Failure   Level
 Wereblood                Tmut           ##......     10%         2
 Ice Form                 Ice/Tmut       #.......     75%         4
 Blade Hands              Tmut           ##........   86%         5


Dungeon Overview and Level Annotations

Branches:
Dungeon (6/15)
 Temple: D:4-7

Altars:
Gozag
Ru
Xom


Innate Abilities, Weirdness & Mutations

You are too large for most types of armour.
You have tough skin. (AC +1)


Message History

Unknown command.
The sky beast flickers out of sight!
Deactivating autopickup; reactivate with Ctrl-A.
An ice beast and a shadow imp come into view.
The shadow imp shouts!
You hear a shout!
The shadow imp moves out of view.
Found 11 gold pieces.
A sky beast appears from thin air!
Reactivating autopickup.
The sky beast hits you.
* * * LOW HITPOINT WARNING * * *
The sky beast shocks you.
* * * LOW HITPOINT WARNING * * *
An ufetubus comes into view.
Unknown command.
The sky beast looks more healthy.
Found a stone staircase leading down.
The shadow imp grinds its teeth.
A killer bee zombie comes into view.
The killer bee zombie moves out of view.
The shadow imp spits at you.
The killer bee zombie barely misses you.
The killer bee zombie closely misses you.
Found 12 stones.
There is a stone staircase leading down here.
The killer bee zombie hits you.
* * * LOW HITPOINT WARNING * * *
The killer bee zombie barely misses you.
The sky beast hits you.
* * * LOW HITPOINT WARNING * * *
The sky beast shocks you.
* * * LOW HITPOINT WARNING * * *
You climb downwards.
You hear the sound of rushing water.
There is an entrance to a sewer on this level.
Hurry and find it before the portal rusts away!
An orc comes into view. It is wielding a +0 hand axe.
The orc shouts!
You hear a shout!
Found 12 gold pieces.
Found an opulent altar of Gozag.
There is a stone staircase leading up here.
Unknown command.
Casting: Spider Form (dangerous; 28% risk of failure)
Confirm with . or Enter, or press ? or * to list all spells.
You miscast Spider Form.
You are very lightly contaminated with residual magic.
Nothing appears to happen.
The sky beast flickers out of sight!
Deactivating autopickup; reactivate with Ctrl-A.
Something hits you.
* * * LOW HITPOINT WARNING * * *
Something shocks you.
You die...

#............
##......o....#
..$$$........#
..$_$........#
#$$$........#
#.........#
#..{....#
#...@..#
#.....##
#..#...# ....
##### #.. ##


You could see an orc.

Vanquished Creatures
  An ogre (D:4)
  7 adders
  A leopard gecko (D:1)
  3 orcs (D:3)
  A ball python (D:2)
  4 giant cockroaches
  2 goblins (D:3)
  4 hobgoblins (D:1)
  4 jackals (D:4)
  3 bats
  5 frilled lizards
  3 kobolds
  A quokka skeleton (D:4)
  7 rats
46 creatures vanquished.

Notes
Turn   | Place    | Note
-------+----------+-------------------------------------------
     0 | D:1      | Flugkiller the Ogre Transmuter began the quest for the Orb.
     0 | D:1      | Reached XP level 1. HP: 19/19 MP: 3/3
    93 | D:1      | Reached skill level 3 in Unarmed Combat
   120 | D:1      | Reached XP level 2. HP: 12/28 MP: 5/5
   347 | D:3      | Reached XP level 3. HP: 15/36 MP: 4/6
   355 | D:3      | Learned a level 3 spell: Spider Form
   435 | D:2      | Found a shimmering altar of Xom.
   688 | D:3      | Reached XP level 4. HP: 34/44 MP: 0/7
   701 | D:3      | Reached skill level 1 in Poison Magic
   799 | D:3      | HP: 1/44 [adder (4)]
   927 | D:3      | Found a sacrificial altar of Ru.
  1026 | D:5      | Entered Level 5 of the Dungeon
  1062 | D:4      | Noticed an ogre
  1067 | D:4      | HP: 2/44 [ogre/+0 giant club (28)]
  1080 | D:4      | Killed an ogre
  1080 | D:4      | Reached skill level 4 in Unarmed Combat
  1080 | D:4      | Reached XP level 5. HP: 5/53 MP: 5/8
  1182 | D:5      | Noticed a sky beast
  1201 | D:5      | Noticed an ice beast
  1215 | D:6      | Found an opulent altar of Gozag.
  1216 | D:6      | Slain by a sky beast

Illustrated notes

Levels and vault maps discovered:
D:1:      mrwooster_arrival_statue, layout_loops_ring, minmay_tetromino_t4
D:2:      layout_basic, xom_butterflies
D:3:      layout_basic, nicolae_overflow_hidden_temple, hex_tiny
D:4:      layout_loops_corners, serial_shops, nicolae_shop_behind_doors,
          uniq_robin
D:5:      layout_rooms
D:6:      layout_cave_pods, lemuel_crystal_altar, nicolae_gozag_seed_capital,
          minmay_temple_entry_offerings, portal_sewer_entry_b, serial_shops,
          shop_coins

Skill      XL: |  1  2  3  4 |
---------------+-------------+-----
Unarmed Combat | 3 4 |  4.1
Fighting       | 2 3 |  3.3
Transmutations | 2 3 |  3.0
Poison Magic   | 1 |  1.0
Dodging        | 2 |  2.1
Spellcasting   | |  2.4

Action                   |  1- 3 |  4- 6 || total
-------------------------+-------+-------++-------
Melee: Unarmed           |    77 |    54 ||   131
       Kick              |     7 |     2 ||     9
       Headbutt          |     7 |     2 ||     9
Throw: Dart              |     4 |       ||     4
 Cast: Beastly Appendage |    16 |     4 ||    20
       Spider Form       |     2 |     4 ||     6
  Use: Scroll            |       |     6 ||     6
       Potion            |       |     2 ||     2
 Stab: Sleeping          |     2 |       ||     2
Armor: Robe              |    24 |     4 ||    28
       Skin              |       |     1 ||     1
Dodge: Dodged            |    37 |    41 ||    78

Table legend: (Time is in decaauts)
 A = Elapsed time spent in this place.
 B = Non-inter-level travel time spent in this place.
 C = Inter-level travel time spent in this place.
 D = Time resting spent in this place.
 E = Time spent auto-exploring this place.
 F = Levels seen in this place.
 G = Mean time per level.
                   A        B        C        D        E       F      G
               +--------+--------+--------+--------+--------+-----+--------+
         Total |   1253 |   1253 |      0 |      0 |      0 |   6 |  208.8 |
       Dungeon |   1253 |   1253 |      0 |      0 |      0 |   6 |  208.8 |
               +--------+--------+--------+--------+--------+-----+--------+

Top non-repeatable levels by time:
     D:2: 359 daAuts
     D:3: 357 daAuts
     D:4: 255 daAuts
     D:1: 241 daAuts
     D:5: 37 daAuts
     D:6: 0 daAuts
